 Dungeon Crawl Stone Soup version 0.27.1-4-g1640c2035a (webtiles) character file.

Game seed: 2338300950734297230

161413 tizbic2 the Blocker (level 17, -6/77 HPs)
             Began as a Vine Stalker Summoner on Nov 14, 2021.
             Was the Champion of Qazlal.
             Mangled by a spark wasp (15 damage)
             ... on level 4 of the Spider Nest.
             The game lasted 03:46:17 (21033 turns).

tizbic2 the Blocker (Vine Stalker Summoner)        Turns: 21033, Time: 03:46:17

Health: -6/77      AC: 26    Str: 16      XL:     17   Next: 49%
Magic:  0/32       EV:  8    Int: 15 (16) God:    Qazlal [******]
Gold:   1869       SH: 23    Dex: 22      Spells: 19/37 levels left

rFire    + . .     SeeInvis .   r - +6 rapier (drain)
rCold    + . .     Faith    .   n - +1 kite shield
rNeg     + . .     Spirit   +   m - +6 chain mail {rC+}
rPois    +         Reflect  .   C - +2 hat {Will+}
rElec    .         Harm     .   b - +0 cloak
rCorr    .         Rampage  .   T - +0 pair of gloves
Will     +++..                  f - +1 pair of boots "Tuam Gai" {rF+ rN+ Str-5 Dex+5}
Stlth    ..........             o - amulet of magic regeneration
HPRegen  1.22/turn              l - +6 ring of strength
MPRegen  0.48/turn              z - ring of flight

@: flying, repel missiles
A: fangs 3, regeneration 1, magic shield, antimagic bite, no potion heal 2,
talons 1, deterioration 1, poison resistance, robust 1, subdued magic 1
}: 1/15 runes: decaying
a: Renounce Religion, Upheaval, Elemental Force, Disaster Area


You were on level 4 of the Spider Nest.
You worshipped Qazlal.
Qazlal was exalted by your worship.
You visited 4 branches of the dungeon, and saw 25 of its levels.
You also visited: Ice Cave.

You collected 1869 gold pieces.

Inventory:

Hand Weapons
 h - the +8 mace of Midnight {venom, Int+3 Dex+5 SInv Stlth-}
   (You found it on level 5 of the Lair of Beasts)

   It poisons the flesh of those it strikes.
   Int:       It affects your intelligence (+3).
   Dex:       It affects your dexterity (+5).
   SInv:      It lets you see invisible.
   Stlth:     It makes you less stealthy.
 r - a +6 rapier of draining (weapon)
 O - the +4 dagger "Morg" {pain, Will+ Int+5}
   (You found it on level 1 of the Swamp)

   In the hands of one skilled in necromantic magic, it inflicts extra damage on
   living creatures.
   Int:       It affects your intelligence (+5).
   Will:      It increases your willpower.
Missiles
 j - 4 throwing nets
 p - 92 poisoned darts (quivered)
 Q - 19 curare-tipped darts
 Y - 6 atropa-tipped darts
Armour
 b - a +0 cloak (worn)
 f - the +1 pair of boots "Tuam Gai" (worn) {rF+ rN+ Str-5 Dex+5}
   (You acquired it on level 2 of the Swamp)

   Str:       It affects your strength (-5).
   Dex:       It affects your dexterity (+5).
   rF:        It protects you from fire.
   rN:        It protects you from negative energy.
 m - a +6 chain mail of cold resistance (worn)
 n - a +1 kite shield (worn)
 C - a +2 hat of willpower (worn)
 H - a +2 buckler of cold resistance
 T - a +0 pair of gloves (worn)
Jewellery
 l - a +6 ring of strength (left hand)
 o - an amulet of magic regeneration (around neck)
 y - a +6 ring of intelligence
 z - a ring of flight (right hand)
 D - a +4 ring of protection
 I - a ring of resist corrosion
 L - a ring of willpower
 M - a ring of protection from cold
 U - a +6 ring of dexterity
Wands
 g - a wand of acid (3)
 u - a wand of mindburst (22)
 x - a wand of flame (16)
 E - a wand of charming (10)
 F - a wand of iceblast (27)
 R - a wand of polymorph (22)
 V - a wand of paralysis (10)
Scrolls
 d - 5 scrolls of fear
 e - 8 scrolls of teleportation
 k - 6 scrolls of amnesia
 s - 9 scrolls of identify
 A - a scroll of summoning
 B - 2 scrolls of holy word
 K - 6 scrolls of magic mapping
 S - a scroll of blinking
Potions
 a - 4 potions of lignification
 c - a potion of might
 i - a potion of ambrosia
 q - 3 potions of cancellation
 t - 7 potions of brilliance
 v - 9 potions of curing
 w - 4 potions of flight
 N - a potion of mutation
 W - a potion of magic
 X - a potion of berserk rage
Miscellaneous
 G - a piece from Xom's chessboard (15/15)
 J - a condenser vane
 P - a lightning rod (4/4)


   Skills:
 - Level 0.1 Fighting
 - Level 13.6(14.1) Short Blades
 - Level 6.6(11.1) Long Blades
 * Level 12.1 Armour
 - Level 1.9 Dodging
 - Level 2.4 Stealth
 * Level 14.2 Shields
 - Level 1.1 Unarmed Combat
 + Level 10.6 Spellcasting
 - Level 9.1 Summonings
 - Level 9.0 Translocations


You had 19 spell levels left.
You knew the following spells:

 Your Spells              Type           Power      Damage    Failure   Level
a - Apportation           Tloc           52%        N/A       1%          1
b - Call Imp              Summ           27%        N/A       2%          2
c - Animate Armour        Summ/Erth      32%        N/A       77%         4
d - Call Canine Familiar  Summ           27%        N/A       4%          3
e - Blink                 Tloc           N/A        N/A       2%          2
f - Teleport Other        Tloc           26%        N/A       5%          3
g - Gell's Gravitas       Tloc           13%        N/A       5%          3

Your spell library contained the following spells:

 Spells                   Type           Power      Damage    Failure   Level
 Summon Small Mammal      Summ           100%       N/A       1%          1
 Summon Guardian Golem    Hex/Summ       16%        N/A       34%         3
 Corona                   Hex            6%         N/A       63%         1
 Freeze                   Ice            24%        1d5       63%         1
 Corpse Rot               Necr/Air       N/A        N/A       77%         2
 Ensorcelled Hibernation  Hex/Ice        12%        N/A       77%         2
 Slow                     Hex            6%         N/A       77%         2
 Static Discharge         Conj/Air       6%         N/A       77%         2
 Summon Lightning Spire   Summ/Air       16%        N/A       77%         4
 Iskenderun's Mystic Bla  Conj/Tloc      16%        2d5       78%         4
 Confusing Touch          Hex            6%         N/A       94%         3
 Dazzling Flash           Conj/Hex       12%        N/A       94%         3
 Frozen Ramparts          Ice            12%        1d3       94%         3
 Inner Flame              Hex/Fire       6%         N/A       94%         3
 Stone Arrow              Conj/Erth      12%        3d7       94%         3
 Tukima's Dance           Hex            6%         N/A       94%         3
 Vampiric Draining        Necr           3%         2d6       94%         3
 Dispersal                Tloc           13%        N/A       97%         6
 Cause Fear               Hex            3%         N/A       100%        4
 Dispel Undead            Necr           6%         3d8       100%        4
 Hailstorm                Conj/Ice       6%         3d4       100%        4
 Leda's Liquefaction      Hex/Erth       3%         N/A       100%        4
 Sticky Flame             Conj/Fire      6%         2d3       100%        4
 Bolt of Magma            Conj/Fire/Erth 3%         4d5       100%        5
 Iskenderun's Battlesphe  Conj           6%         2d6       100%        5
 Conjure Ball Lightning   Conj/Air       3%         3x3d6     100%        6
 Death Channel            Necr           3%         N/A       100%        6
 Iron Shot                Conj/Erth      3%         9d2       100%        6
 Starburst                Conj/Fire      3%         6d3       100%        6
 Statue Form              Tmut/Erth      4%         N/A       100%        6
 Dragon Form              Tmut           3%         N/A       100%        7
 Haunt                    Necr/Summ      8%         N/A       100%        7
 Malign Gateway           Summ/Tloc      13%        N/A       100%        7
 Spellforged Servitor     Conj/Summ      8%         N/A       100%        7
 Discord                  Hex            3%         N/A       100%        8
 Disjunction              Tloc           13%        N/A       100%        8
 Lehudib's Crystal Spear  Conj/Erth      3%         10d2      100%        8
 Dragon's Call            Summ           13%        N/A       100%        9


Dungeon Overview and Level Annotations

Branches:
Dungeon (12/15)            Temple (0/1) D:7            Lair (5/6) D:9
  Swamp (4/4) Lair:3       Spider (4/4) Lair:3        Slime (0/5) Lair:5
  IceCv (visited)
    Orc: D:9-12

Altars:
Ashenzari
Dithmenos
Hepliaklqana
Kikubaaqudgha
Makhleb
Qazlal
Trog
Vehumet
Xom
Yredelemnul
Zin

Shops:
D:1 (   D:2 [

Annotations:
D:9 exclusion: statue
Swamp:1 azzazzello's ghost, adept GnWn
Spider:3 1 runed translucent door


Innate Abilities, Weirdness & Mutations

You have razor-sharp teeth.
Your natural rate of healing is unusually fast.
When hurt, damage is shared between your health and your magic reserves.
Your bite disrupts and absorbs the magic of your enemies.
Potions cannot restore your health.
You have sharp toenails.
Your body sometimes deteriorates upon taking damage.
Your system is resistant to poisons. (rPois)
You are robust. (+10% HP)
Your spells are a little easier to cast, but a little less powerful.


Message History

The emperor scorpion claws you but does no damage.
You block the emperor scorpion's attack.
You hit the emperor scorpion.
The emperor scorpion is lightly wounded.
You hear an angry buzzing noise.
A tarantella comes into view.
The moth of wrath is engulfed in blazing flames.
You closely miss the emperor scorpion. Your bite misses the emperor scorpion.
The emperor scorpion is lightly wounded.
You block the emperor scorpion's attack. x2
The emperor scorpion claws you but does no damage.
The tarantella is engulfed in blazing flames.
You barely miss the emperor scorpion.
You bite the emperor scorpion, but do no damage.
The emperor scorpion is lightly wounded.
The tarantella is engulfed in blazing flames.
The emperor scorpion stings you!!
You block the emperor scorpion's attack.
The emperor scorpion claws you but does no damage.
Casting: Call Canine Familiar (dangerous; 4% risk of failure)
Confirm with . or Enter, or press ? or * to list all spells.
You blink.
The emperor scorpion is struck by lightning.
The emperor scorpion stings you!!
* * * LOW HITPOINT WARNING * * *
You block the emperor scorpion's attack.
The emperor scorpion barely misses you.
The hornet evades a web.
You hear an angry hiss.
You block the emperor scorpion's attack.
The emperor scorpion claws you but does no damage.
You block the emperor scorpion's attack.
You hear an angry buzzing noise.
A redback comes into view.
The tarantella rages.
The spark wasp is engulfed in freezing vapours.
The spark wasp stings you!!
* * * LOW HITPOINT WARNING * * *
The spark wasp shocks you!
You die...

#≈..†###≈...##≈...≈##..
##...# ###...#......^^.
#...†#####≈..........≈≈
#....##..###...≈##≈.^##
##≈≈^.≈≈≈.############
###..≈≈≈.##### ####
#≈.≈#..# ..y ..^+
#.○.#### .y ...#
##^@☼## .##y. ##ys○##
#'y# #≈...# ##.^#
#≈.§y## #.sy#
#.##....###..## #..
#^.≈≈≈≈.sy##..##....≈
#...≈≈≈#.^s.y....≈.≈.#
###≈≈#######s....#####
### ###...#


You could see 2 emperor scorpions, a spark wasp, a moth of wrath, 2 hornets, a
tarantella (berserk) and a redback.

Vanquished Creatures
  2 thorn hunters
  Gastronok (D:11)
  A fenstrider witch (Swamp:2)
  A frost giant (IceCv)
  2 ghost moths
  3 bunyips
  A spark wasp (Spider:3)
  4 eleionomae
  Harold (Lair:1)
  An ice dragon (Swamp:4)
  24 hydras
  Erolcha (D:9)
  7 boulder beetles
  3 ghost crabs
  8 two-headed ogres
  7 alligators
  3 death yaks (IceCv)
  A spriggan berserker (Lair:3)
  A goliath frog (Swamp:2)
  5 spriggan druids
  Pikel (D:4)
  8 bog bodies
  10 swamp dragons
  26 orb spiders
  26 wolf spiders
  9 elephants (Lair:4)
  3 moths of wrath
  A will-o-the-wisp (Swamp:3)
  11 cane toads
  3 black mambas
  An eye of devastation (Lair:5)
  A gargoyle (D:11)
  An ice statue (IceCv)
  2 unseen horrors
  2 torpor snails
  A kobold demonologist (D:9)
  4 rime drakes
  7 demonic crawlers
  3 komodo dragons
  22 jumping spiders
  A troll (D:9)
  6 hornets
  15 polar bears
  13 tyrant leeches
  Grinder (D:4)
  12 blink frogs
  A meliai zombie (D:11)
  Sigmund (D:3)
  5 spriggans
  2 shadows (D:11)
  50 yaks
  57 redbacks
  3 basilisks
  2 wyverns
  29 tarantellas
  Eustachio (D:4)
  3 vampire mosquitoes (Swamp:1)
  A steam dragon (Lair:5)
  20 swamp worms
  An acid dragon (D:8)
  10 water moccasins
  A floating eye (Lair:5)
  Duvessa (D:6)
  9 swamp drakes
  9 black bears
  A sky beast (D:8)
  4 orc warriors
  A necrophage (D:5)
  2 ogres
  An ice beast (D:5)
  27 wolves
  2 phantoms (D:5)
  3 centaurs
  A kobold brigand (D:10)
  13 bullfrogs
  A scorpion (D:3)
  Dowan (D:6)
  2 wyvern zombies
  8 killer bees
  4 electric eels
  3 crimson imps (D:6)
  3 centaur zombies
  A jelly (D:6)
  A bullfrog zombie (D:6)
  A gnoll shaman (D:7)
  2 centaur skeletons
  3 hounds
  4 hell rats (Lair:5)
  An iguana (D:5)
  An orc wizard (D:8)
  A hound skeleton (D:2)
  Robin (D:3)
  2 howler monkey zombies
  4 adders
  4 gnolls (D:7)
  A white imp (D:6)
  An adder skeleton (D:4)
  A worm (D:2)
  3 dart slugs
  27 orcs
  6 endoplasms
  A giant cockroach (D:1)
  16 goblins
  5 hobgoblins
  7 jackals
  2 quokkas
  A ball python (D:1)
  7 bats
  4 frilled lizards
  10 kobolds
  2 rats (D:3)
  2 briar patches (Swamp:4)
  A bush (Lair:4)
  A butterfly (Lair:4)
674 creatures vanquished.

Vanquished Creatures (collateral kills)
  A wolf spider (Spider:4)
  A rime drake (Lair:4)
  Grum (D:8)
  A phantom (D:5)
  Terence (D:2)
  An adder (D:2)
  A dart slug (D:1)
  4 ball pythons (D:1)
  3 bats
  5 endoplasms
  2 hobgoblins (D:1)
  3 kobolds
  A quokka (D:1)
  A frilled lizard (D:1)
  A goblin (D:1)
  A rat (D:2)
28 creatures vanquished.

Vanquished Creatures (others)
  A ghost moth (Spider:4)
  2 hydras (Swamp:2)
  A wolf spider (Spider:2)
  A demonic crawler (Spider:1)
  A hornet (Swamp:2)
  A tyrant leech (Swamp:2)
  A tarantella (Spider:4)
  A redback (Spider:1)
  A spriggan (Swamp:2)
  2 yaks (IceCv)
  A crimson imp (D:6)
  3 briar patches (Swamp:4)
  A bush (Lair:4)
  8 foxfires (Swamp:3)
  26 fungi
  21 plants
72 creatures vanquished.

Grand Total: 774 creatures vanquished

Notes
Turn   | Place    | Note
-------+----------+-------------------------------------------
     0 | D:1      | tizbic2 the Vine Stalker Summoner began the quest for the
                  | Orb.
     0 | D:1      | Reached XP level 1. HP: 9/9 MP: 4/4
   189 | D:1      | Found a faded altar of an unknown god.
   195 | D:1      | Became a worshipper of Qazlal Stormbringer
   195 | D:1      | Reached * piety under Qazlal
   253 | D:1      | Found Leilod's Weapon Emporium.
   268 | D:1      | Reached XP level 2. HP: 8/13 MP: 6/6
   743 | D:1      | Learned a level 2 spell: Call Imp
   794 | D:1      | Reached XP level 3. HP: 14/14 MP: 5/7
  1126 | D:2      | Reached ** piety under Qazlal
  1133 | D:2      | Found Caineh's Armour Boutique.
  1274 | D:2      | Noticed Terence
  1293 | D:2      | Killed Terence
  1338 | D:2      | Gained mutation: Your natural rate of healing is unusually
                  | fast. [Vine Stalker growth]
  1338 | D:2      | Reached XP level 4. HP: 9/21 MP: 3/9
  1411 | D:2      | Reached skill level 1 in Unarmed Combat
  1849 | D:2      | Reached skill level 5 in Summonings
  2047 | D:3      | Noticed Sigmund
  2068 | D:3      | Killed Sigmund
  2069 | D:3      | Reached skill level 1 in Long Blades
  2069 | D:3      | Reached skill level 1 in Armour
  2069 | D:3      | Reached skill level 1 in Shields
  2069 | D:3      | Reached XP level 5. HP: 21/24 MP: 6/10
  2069 | D:3      | Reached XP level 6. HP: 24/28 MP: 6/11
  2290 | D:3      | Reached skill level 2 in Shields
  2370 | D:3      | Noticed Robin
  2434 | D:3      | Killed Robin
  2463 | D:3      | Reached *** piety under Qazlal
  2751 | D:4      | Noticed Grinder
  2761 | D:4      | Paralysed by Grinder for 2 turns
  2765 | D:4      | Paralysed by Grinder for 4 turns
  2780 | D:4      | Killed Grinder
  2781 | D:4      | Reached XP level 7. HP: 27/32 MP: 9/13
  3019 | D:4      | Learned a level 4 spell: Animate Armour
  3083 | D:4      | Found a broken altar of Ashenzari.
  3152 | D:4      | Noticed Pikel
  3179 | D:4      | Killed Pikel
  3180 | D:4      | Reached skill level 3 in Shields
  3180 | D:4      | Gained mutation: You have razor-sharp teeth. [Vine Stalker
                  | growth]
  3180 | D:4      | Reached XP level 8. HP: 36/36 MP: 13/15
  3253 | D:4      | Found a burning altar of Makhleb.
  3279 | D:4      | Noticed Eustachio
  3329 | D:4      | Killed Eustachio
  3460 | D:5      | Entered Level 5 of the Dungeon
  3478 | D:5      | Reached skill level 4 in Shields
  3605 | D:5      | Reached XP level 9. HP: 39/39 MP: 13/16
  3837 | D:5      | Gained mutation: Armour fits poorly on your strangely
                  | shaped body. [potion of mutation]
  3837 | D:5      | Gained mutation: You are dopey. (Int -2) [potion of
                  | mutation]
  3837 | D:5      | Gained mutation: You have a pair of small horns on your
                  | head. [potion of mutation]
  4151 | D:6      | Noticed Duvessa
  4153 | D:6      | Noticed Dowan
  4175 | D:6      | Killed Duvessa
  4180 | D:6      | Killed Dowan
  4181 | D:6      | Reached skill level 5 in Shields
  4276 | D:6      | Reached skill level 5 in Long Blades
  4486 | D:6      | Found a hazy altar of Hepliaklqana.
  4574 | D:6      | Found a shimmering altar of Xom.
  4662 | D:6      | Reached skill level 5 in Spellcasting
  4688 | D:7      | Reached skill level 5 in Armour
  5005 | D:7      | Reached **** piety under Qazlal
  5015 | D:7      | Found a basalt altar of Yredelemnul.
  5105 | D:7      | Found a staircase to the Ecumenical Temple.
  5209 | D:7      | Reached XP level 10. HP: 43/44 MP: 18/18
  5426 | D:8      | Found a bloodstained altar of Trog.
  5440 | D:8      | Reached skill level 1 in Short Blades
  5593 | D:8      | Noticed Grum
  5660 | D:8      | Killed Grum
  6093 | D:8      | Found a glowing silver altar of Zin.
  6228 | D:9      | Noticed a kobold demonologist
  6243 | D:9      | Killed a kobold demonologist
  6244 | D:9      | Reached skill level 5 in Short Blades
  6300 | D:9      | Noticed a two-headed ogre
  6340 | D:9      | Killed a two-headed ogre
  6341 | D:9      | Reached skill level 6 in Shields
  6438 | D:9      | Noticed a two-headed ogre
  6464 | D:9      | Killed a two-headed ogre
  6487 | D:9      | Reached XP level 11. HP: 47/47 MP: 19/19
  6515 | D:9      | Found a radiant altar of Vehumet.
  6554 | D:9      | Noticed Erolcha
  6656 | D:9      | Killed Erolcha
  6657 | D:9      | Reached skill level 7 in Shields
  6832 | D:9      | Found a staircase to the Lair.
  6962 | D:10     | Entered Level 10 of the Dungeon
  6969 | D:10     | Found a shadowy altar of Dithmenos.
  7013 | D:10     | Identified the +2 helmet of Curiosity {+Inv}
  7038 | D:10     | Noticed a two-headed ogre
  7105 | D:10     | Killed a two-headed ogre
  7359 | D:10     | Noticed a two-headed ogre
  7421 | D:10     | Killed a two-headed ogre
  7545 | D:10     | Noticed a two-headed ogre
  7594 | D:10     | Killed a two-headed ogre
  7595 | D:10     | Reached skill level 8 in Shields
  8074 | D:11     | Noticed a two-headed ogre
  8094 | D:11     | Killed a two-headed ogre
  8117 | D:11     | Found Imeaxuo's Antique Weapon Boutique.
  8151 | D:11     | Noticed a two-headed ogre
  8186 | D:11     | Killed a two-headed ogre
  8187 | D:11     | Reached skill level 10 in Short Blades
  8274 | D:11     | Noticed a boulder beetle
  8298 | D:11     | Killed a boulder beetle
  8299 | D:11     | Reached XP level 12. HP: 51/51 MP: 17/20
  8555 | D:11     | Noticed Gastronok
  8574 | D:11     | Killed Gastronok
  8575 | D:11     | Reached skill level 9 in Shields
  8759 | D:11     | Noticed a two-headed ogre
  8778 | D:11     | Killed a two-headed ogre
  9303 | Lair:1   | Entered Level 1 of the Lair of Beasts
  9312 | Lair:1   | Noticed an eight-headed hydra
  9391 | D:9      | Killed an eight-headed hydra
  9538 | Lair:1   | Noticed Harold
  9559 | Lair:1   | Killed Harold
  9575 | Lair:1   | Lost mutation: You have a pair of small horns on your head.
                  | [potion of mutation]
  9575 | Lair:1   | Gained mutation: Your system is resistant to poisons.
                  | (rPois) [potion of mutation]
  9577 | Lair:1   | Lost mutation: Armour fits poorly on your strangely shaped
                  | body. [potion of mutation]
  9577 | Lair:1   | Lost mutation: You are dopey. (Int -2) [potion of mutation]
  9577 | Lair:1   | Gained mutation: You are robust. (+10% HP) [potion of
                  | mutation]
  9577 | Lair:1   | Gained mutation: Your body sometimes deteriorates upon
                  | taking damage. [potion of mutation]
  9577 | Lair:1   | Gained mutation: Your spells are a little easier to cast,
                  | but a little less powerful. [potion of mutation]
  9577 | Lair:1   | Gained mutation: You have sharp toenails. [potion of
                  | mutation]
 10043 | Lair:2   | Reached ***** piety under Qazlal
 10107 | Lair:2   | Reached XP level 13. HP: 51/60 MP: 18/23
 10181 | Lair:2   | Reached skill level 10 in Shields
 10237 | Lair:2   | Found a frozen archway.
 10243 | IceCv    | Entered an ice cave
 10562 | IceCv    | Noticed a frost giant
 10608 | IceCv    | Killed a frost giant
 10984 | Lair:2   | Reached ****** piety under Qazlal
 11478 | Lair:3   | Reached XP level 14. HP: 63/64 MP: 26/26
 11528 | Lair:3   | Found a hole to the Spider Nest.
 11698 | Lair:3   | Reached skill level 11 in Shields
 12259 | Lair:3   | Found a staircase to the Swamp.
 12272 | Swamp:1  | Entered Level 1 of the Swamp
 12560 | Swamp:1  | Found the +4 dagger "Morg" {pain, Will+ Int+5}
 12642 | Swamp:1  | Found a runed translucent door.
 12650 | Swamp:1  | Noticed azzazzello's ghost (adept GnWn)
 12814 | Swamp:1  | Learned a level 3 spell: Call Canine Familiar
 13214 | Swamp:2  | Got the Handbook of Displacement and Companions
 13296 | Swamp:2  | Reached skill level 1 in Translocations
 13385 | Swamp:2  | Noticed a fenstrider witch
 13421 | Swamp:2  | Killed a fenstrider witch
 13501 | Swamp:2  | Identified a scroll of acquirement
 13502 | Swamp:2  | Acquired the +1 pair of boots "Tuam Gai" {rF+ rN+ Str-5
                  | Dex+5}
 13767 | Swamp:3  | Reached XP level 15. HP: 56/69 MP: 21/28
 13771 | Swamp:3  | Noticed a thorn hunter
 13847 | Swamp:3  | Killed a thorn hunter
 13995 | Swamp:3  | Reached skill level 12 in Shields
 14210 | Swamp:4  | Entered Level 4 of the Swamp
 14409 | Swamp:3  | Reached skill level 10 in Armour
 14539 | Swamp:4  | Reached skill level 5 in Translocations
 14838 | Swamp:4  | Noticed a thorn hunter
 14989 | Swamp:4  | Killed a thorn hunter
 15239 | Swamp:4  | Reached XP level 16. HP: 59/73 MP: 23/30
 15340 | Swamp:4  | Got a decaying rune of Zot
 15498 | Swamp:3  | Learned a level 2 spell: Blink
 15926 | Spider:1 | Entered Level 1 of the Spider Nest
 16068 | Lair:4   | Found a transporter.
 16068 | Lair:4   | Found a transporter.
 16945 | Lair:5   | Found an ancient bone altar of Kikubaaqudgha.
 17098 | Lair:5   | Paralysed by a floating eye for 2 turns
 17106 | Lair:5   | Learned a level 1 spell: Apportation
 17156 | Lair:5   | Found a staircase to the Slime Pits.
 17161 | Lair:5   | Identified the +8 mace of Midnight {venom, Int+3 Dex+5 SInv
                  | Stlth-}
 17354 | Lair:3   | Reached skill level 13 in Shields
 17646 | Spider:1 | Learned a level 3 spell: Teleport Other
 18380 | Spider:2 | Learned a level 3 spell: Gell's Gravitas
 18987 | Spider:3 | Reached skill level 10 in Spellcasting
 19027 | Spider:3 | Found a runed translucent door.
 19489 | Spider:3 | Reached XP level 17. HP: 77/77 MP: 32/32
 19690 | Spider:4 | Entered Level 4 of the Spider Nest
 20452 | Spider:4 | Reached skill level 14 in Shields
 21033 | Spider:4 | Mangled by a spark wasp

Illustrated notes

Levels and vault maps discovered:
D:1:      sevenhm_arrival_forest_fort_large_3, layout_loops_ring, serial_shops,
          shop, basic_ecumenical_altar
D:2:      layout_loops_ring, serial_shops, nicolae_shop_crystal, uniq_terence
D:3:      layout_basic, roderic_serpentine_path, corner_web_ring, uniq_robin,
          uniq_sigmund
D:4:      layout_basic, kennysheep_mini, mainiacjoe_overflow_paths,
          uniq_eustachio, uniq_pikel, uniq_grinder
D:5:      layout_cave_pools, minmay_statues_item
D:6:      layout_loops_cross, nzn_hepliaklqana_mist_gate, led_xom_imps,
          kennysheep_generic_room_11, uniq_crazy_yiuf_cottage, uniq_duvessa
D:7:      layout_loops_ring, mainiacjoe_overflow_cross_hatched,
          minmay_temple_entry_fiery
D:8:      layout_cave_pods, lemuel_doored_altar, trog_ov_bears_minmay,
          minmay_stone_trees_small, uniq_grum
D:9:      layout_loops_ring, vehumet_statue, lair_entry_dummy, serial_glass,
          glass_columns_a, glass_columns_b, glass_columns_a, glass_columns_a,
          glass_columns_a, glass_columns_c, glass_columns_b, glass_columns_b,
          glass_columns_c, glass_columns_b, glass_columns_a, glass_columns_b,
          glass_columns_c, glass_columns_b, uniq_erolcha
D:10:     layout_basic, nicolae_overflow_hidden_temple
D:11:     layout_gridville, serial_shops, shop, uniq_gastronok
D:12:     layout_big_octagon, orc_david_3, gauntlet_entry_generic, st_stairs_2,
          demons_altar, uniq_frances
Lair:1:   layout_roguey, uniq_harold
Lair:2:   layout_regular_city, portal_ice_cave_rime, beast_lair_carwin_10,
          grunt_megastairs_3, infiniplex_staircase_pool_2
Lair:3:   layout_hall_layers, nicolae_swamp_entry_splash_gauntlet,
          spider_nest_entry_rubble
Lair:4:   gammafunk_boulding_lane, layout_loops_ring, minmay_hedge_maze,
          st_stairs_5, lemuel_fruit_fields
Lair:5:   layout_loops_ring, minmay_slime_entry_eyes, basic_altar
Swamp:1:  layout_basic_swamp, ebering_ghost_reflecting_pool,
          evilmike_swamp_ruin_rubble_2, hangedman_swamp_lotus, swamp_pool4,
          nicolae_swamp_bean_lake, infiniplex_staircase_pool
Swamp:2:  layout_basic_swamp, nicolae_swamp_orc_logging_accident
Swamp:3:  layout_basic_swamp, evilmike_swamp_ruin_house_2
Swamp:4:  swamp_alternative, layout_basic_swamp
Spider:1: layout_spider_delve
Spider:2: layout_spider_delve
Spider:3: cheibrodos_spider_deadly_dance, drop_trap,
          hangedman_spider_tarantella_strand
Spider:4: spider_rune_water, nicolae_spider_orb_run

Skill      XL: |  1  2  3  4  5  6  7  8  9 10 11 12 13 14 15 16 17 |
---------------+----------------------------------------------------+-----
Unarmed Combat | 1 |  1.1
Summonings     | 5 6 7 8 9 |  9.1
Long Blades    | 1 2 3 4 6 |  6.6
Armour         | 1 2 3 4 5 6 8 9 10 11 12 | 12.1
Shields        | 1 2 3 4 5 6 8 9 10 11 12 13 14 | 14.2
Spellcasting   | 3 4 5 6 7 8 9 10 | 10.6
Short Blades   | 7 10 11 12 13 | 13.6
Translocations | 3 6 8 9 |  9.0
Fighting       | |  0.1
Dodging        | |  1.9
Stealth        | |  2.4

Action                   |  1- 3 |  4- 6 |  7- 9 | 10-12 | 13-15 | 16-18 || total
-------------------------+-------+-------+-------+-------+-------+-------++-------
Melee: Unarmed           |    52 |   106 |       |       |       |       ||   158
       Bite              |    14 |    43 |    60 |   160 |   436 |   504 ||  1217
       Club              |    20 |       |       |       |       |       ||    20
       Rapier            |       |    88 |   243 |   475 |  1147 |  1130 ||  3083
       Punch             |       |     1 |       |       |       |       ||     1
       Headbutt          |       |       |    32 |    97 |       |       ||   129
       Kick              |       |       |       |    24 |   252 |       ||   276
       Dagger            |       |       |       |       |    17 |       ||    17
       Mace              |       |       |       |       |       |    22 ||    22
Throw: Stone             |     4 |       |     7 |       |       |       ||    11
       Dart              |       |       |       |    70 |    32 |    27 ||   129
 Cast: Summon Small Mamm |    25 |       |    13 |     8 |       |       ||    46
       Call Imp          |    13 |       |       |     1 |     7 |    68 ||    89
       Call Canine Famil |       |       |       |       |     2 |    15 ||    17
       Blink             |       |       |       |       |       |    37 ||    37
       Gell's Gravitas   |       |       |       |       |       |     4 ||     4
       Apportation       |       |       |       |       |       |     1 ||     1
Invok: Upheaval          |       |     2 |     1 |     3 |       |       ||     6
       Elemental Force   |       |       |       |     1 |       |       ||     1
  Use: Potion            |       |     1 |     4 |     3 |       |       ||     8
       Scroll            |       |     1 |    10 |    10 |    10 |    11 ||    42
 Stab: Sleeping          |     1 |       |       |       |       |       ||     1
       Invisible         |       |       |     3 |       |       |       ||     3
       Confused          |       |       |       |       |     1 |       ||     1
       Distracted        |       |       |       |       |       |     9 ||     9
Armor: Robe              |     2 |       |       |       |       |       ||     2
       Leather armour    |    16 |       |       |       |       |       ||    16
       Chain mail        |    23 |   164 |   113 |   223 |   507 |   488 ||  1518
       Skin              |       |       |       |     3 |       |       ||     3
Dodge: Dodged            |    38 |    53 |    61 |    93 |   233 |   203 ||   681
       Repelled          |       |       |       |     5 |    18 |     4 ||    27
Block: Other             |     9 |     7 |       |       |       |       ||    16
       Kite shield       |       |    30 |       |   146 |  1103 |  1074 ||  2353
       Buckler           |       |    33 |   132 |   184 |     5 |       ||   354
